 Seeded DCSS version 0.27-a0-34-gc18c9092ac (webtiles) character file.

Game seed: 3165166927895876312 (custom seed)

58 muata the Sneak (level 3, 0/33 HPs)
             Began as a Troll Brigand on Jan 4, 2021.
             Succumbed to a worker ant's poison
             ... on level 2 of the Dungeon.
             The game lasted 00:04:30 (1293 turns).

muata the Sneak (Troll Brigand)                     Turns: 1293, Time: 00:04:31

Health: 0/33       AC:  7    Str: 19    XL:     3   Next: 75%
Magic:  2/2        EV:  9    Int:  7    God:
Gold:   115        SH:  0    Dex: 12    Spells: 2/2 levels left

rFire    . . .     SeeInvis .   a - +2 dagger
rCold    . . .     Faith    .   (no shield)
rNeg     . . .     Spirit   .   b - +0 robe
rPois    .         Reflect  .   (helmet restricted)
rElec    .         Harm     .   n - +0 cloak
rCorr    .         Rampage  .   (gloves unavailable)
Will     .....                  (boots unavailable)
Stlth    ++........             (no amulet)
HPRegen  0.51/turn              (no ring)
MPRegen  0.08/turn              (no ring)

@: lethally poisoned (0 -> -19)
A: large, unfitting armour, claws 3, regeneration 1, shaggy fur 1, tough skin 3
a: no special abilities


You were on level 2 of the Dungeon.
You visited 1 branch of the dungeon, and saw 2 of its levels.

You collected 115 gold pieces.

Inventory:

Hand Weapons
 a - a +2 dagger (weapon)
Missiles
 d - 8 poisoned darts (quivered)
 e - 2 curare-tipped darts
 f - 6 datura-tipped darts
 i - 58 stones
Armour
 b - a +0 robe (worn)
 c - a +0 cloak
 l - a +0 pair of gloves
 n - a +0 cloak (worn)
Scrolls
 g - 2 scrolls of teleportation {unknown}
 h - 3 scrolls of identify {unknown}
 k - a scroll of noise {unknown}
Potions
 j - a potion of haste {unknown}
 m - a potion of lignification {unknown}


   Skills:
 - Level 1.5 Fighting
 + Level 2.6 Short Blades
 - Level 1.7 Throwing
 - Level 0.7 Dodging
 + Level 2.7 Stealth


You had 2 spell levels left.
You didn't know any spells.
Your spell library was empty.

Dungeon Overview and Level Annotations

Branches:
Dungeon (2/15)

Altars:


Innate Abilities, Weirdness & Mutations

You are too large for most types of armour.
You have claws for hands.
Your natural rate of healing is unusually fast.
You are covered in fur. (AC +1)
You have extremely tough skin. (AC +3)


Message History

The worker ant is almost dead.
You feel sick. The worker ant barely misses you.
The worker ant completely misses you.
You closely miss the worker ant.
The worker ant is almost dead.
You feel sick. The worker ant bites you.
* * * LOW HITPOINT WARNING * * *
You are lethally poisoned!
The worker ant poisons you!
You hit the worker ant but do no damage.
The worker ant is almost dead.
* * * LOW HITPOINT WARNING * * *
You feel sick. The worker ant bites you.
* * * LOW HITPOINT WARNING * * *
You are more poisoned.
The worker ant poisons you!
Unknown command.
You hit the worker ant.
The worker ant is almost dead.
You die...

### #.###.###
#.†#....#
##..#.#.#
#.#....#
#.#.#..# ##
#...# ##..
#...# /.
##..##g####.
#...@B8.....
.....####.##)#.
#..... # ##.##.
#.


You could see a worker ant and a goblin.

Vanquished Creatures
  2 adders (D:2)
  An ooze (D:1)
  2 worms (D:2)
  A dart slug (D:1)
  3 bats
  2 giant cockroaches (D:2)
  4 goblins
  2 hobgoblins
  A jackal (D:2)
  A quokka (D:2)
  A frilled lizard (D:1)
  4 kobolds
  5 rats
29 creatures vanquished.

Notes
Turn   | Place    | Note
-------+----------+-------------------------------------------
     0 | D:1      | muata the Troll Brigand began the quest for the Orb.
     0 | D:1      | Reached XP level 1. HP: 19/19 MP: 0/0
   373 | D:1      | Reached XP level 2. HP: 18/27 MP: 1/1
  1017 | D:2      | Reached XP level 3. HP: 16/33 MP: 2/2
  1293 | D:2      | Succumbed to a worker ant's poison

Illustrated notes

Levels and vault maps discovered:
D:1:      saegor_arrival_simple_b, layout_loops_corners
D:2:      minmay_diamond_boxcup, layout_loops_ring, minmay_pentomino_q4

Skill      XL: |  1 |
---------------+----+-----
Short Blades   | 2 |  2.6
Fighting       | |  1.5
Throwing       | |  1.7
Dodging        | |  0.7
Stealth        | |  2.7

Action                   || total
-------------------------++-------
Melee: Dagger            ||   150
 Stab: Sleeping          ||     4
Armor: Robe              ||    64
Dodge: Dodged            ||    68

Table legend: (Time is in decaauts)
 A = Elapsed time spent in this place.
 B = Non-inter-level travel time spent in this place.
 C = Inter-level travel time spent in this place.
 D = Time resting spent in this place.
 E = Time spent auto-exploring this place.
 F = Levels seen in this place.
 G = Mean time per level.
                   A        B        C        D        E       F      G
               +--------+--------+--------+--------+--------+-----+--------+
         Total |   1274 |   1184 |     90 |    107 |    765 |   2 |  637.0 |
       Dungeon |   1274 |   1184 |     90 |    107 |    765 |   2 |  637.0 |
               +--------+--------+--------+--------+--------+-----+--------+

Top non-repeatable levels by time:
     D:1: 882 daAuts
     D:2: 391 daAuts
